 Dungeon Crawl Stone Soup version 0.31-a0-188-g5e087ee2ca (webtiles) character file.

Game seed: 2121215168133449696

319 qw the Skirmisher (level 6, -9/36 HPs)
             Began as a Deep Elf Hunter on June 23, 2023.
             Mangled by an orc warrior
             ... wielding a +0 dire flail
              (14 damage)
             ... on level 4 of the Dungeon.
             The game lasted 00:00:56 (2299 turns).

qw the Skirmisher (Deep Elf Hunter)                 Turns: 2299, Time: 00:00:57

Health: -9/36      AC:  6    Str: 10    XL:     6   Next: 21%
Magic:  8/8        EV: 12    Int: 14    God:
Gold:   200        SH:  0    Dex: 24    Spells: 5/5 levels left

rFire   . . .        Y - +0 orcbow
rCold   . . .        (shield currently unavailable)
rNeg    . . .        n - +0 ring mail
rPois   +            (no helmet)
rElec   .            d - +0 cloak
rCorr   .            (no gloves)
SInv    .            (no boots)
Will    .....        (no amulet)
Stlth   ++           h - ring of poison resistance
HPRegen 0.26/turn    b - +6 ring of dexterity
MPRegen 0.11/turn

%: no passive effects
@: about to teleport
A: no striking features
a: no special abilities


You were on level 4 of the Dungeon.
You visited 1 branch of the dungeon, and saw 4 of its levels.

You collected 200 gold pieces.


   Skills:
 - Level 2.6 Fighting
 + Level 9.0 Ranged Weapons
 - Level 3.0 Dodging
 - Level 1.2 Stealth


You had 5 spell levels left.
You didn't know any spells.
Your spell library was empty.

Inventory:

Hand Weapons
 Y - a +0 orcbow (weapon)
Armour
 d - a +0 cloak (worn)
 n - a +0 ring mail (worn)
Jewellery
 b - a +6 ring of dexterity (right hand)
 c - an amulet of regeneration
 h - a ring of poison resistance (left hand)
Scrolls
 i - a scroll of teleportation
Potions
 a - a potion of lignification {unknown}
 e - a potion of magic {unknown}
 g - a potion of invisibility {unknown}
 m - a potion of haste {unknown}

Dungeon Overview and Level Annotations

Branches:
Dungeon (4/15)
 Temple: D:4-7

Altars:
Kikubaaqudgha
Sif Muna
Vehumet

Shops:
D:1 !


Message History

The centaur shoots an arrow.
The arrow misses you.
You start resting.
The centaur shoots an arrow.
The arrow closely misses you.
You shoot an arrow. The arrow hits the centaur!
The centaur is severely wounded.
The centaur shoots an arrow.
The arrow hits you.
You shoot an arrow. The arrow hits the centaur!
You kill the centaur!
An orc warrior comes into view. It is wielding a +0 dire flail.
Your Fighting skill increases to level 2!
You have reached level 6!
You shoot an arrow.
The arrow hits the orc warrior but does no damage.
The orc warrior unwields a +0 dire flail.
The orc warrior wields a +0 arbalest.
The orc warrior shoots a bolt.
The bolt hits you!
You shoot an arrow. The arrow hits the orc warrior!
The orc warrior is heavily wounded.
The orc warrior unwields a +0 arbalest.
The orc warrior wields a +0 dire flail.
The orc warrior hits you with a +0 dire flail.
You shoot an arrow.
The arrow hits the orc warrior but does no damage.
The orc warrior is heavily wounded.
The orc warrior hits you with a +0 dire flail!
2296 ||| READING 2 scrolls of teleportation.
As you read the scroll of teleportation, it crumbles to dust.
You feel strangely unstable. The orc warrior closely misses you.
You shoot an arrow. The arrow hits the orc warrior!
The orc warrior is severely wounded.
A dart slug comes into view.
The orc warrior barely misses you.
You shoot an arrow. The arrow hits the orc warrior.
The orc warrior is severely wounded.
The orc warrior misses you.
You shoot an arrow.
The arrow hits the orc warrior but does no damage.
The orc warrior is severely wounded.
The orc warrior hits you with a +0 dire flail!
You die...

######### ....).o.#
#####.#@###### #.
#......## ).
#..###..7777 co
#...# #.7..~¤~~~¤.7
.) #...#
#.7.~.....~.7 .
#...###.7.~.~~~.¤.7
......%.7.~¤...¤¤.7
##...###.7.~¤._.~¤¤7
##..# #.7.~¤¤..~~¤7


You could see an orc warrior.

Vanquished Creatures
  A black bear (D:4)
  A centaur (D:4)
  An iguana (D:4)
  6 adders
  A dart slug (D:3)
  4 orcs
  3 ball pythons
  4 endoplasms
  A giant cockroach (D:4)
  5 hobgoblins
  3 jackals (D:1)
  7 kobolds
  4 quokkas
  6 bats
  2 frilled lizards (D:1)
  5 goblins
  7 rats
61 creatures vanquished.

Notes
Turn   | Place    | Note
-------+----------+-------------------------------------------
     0 | D:1      | qw the Deep Elf Hunter began the quest for the Orb.
     0 | D:1      | Reached XP level 1. HP: 12/12 MP: 3/3
     0 | D:1      | 0 ||| qw: Version: 0.3-a-9-g12657ce
     0 | D:1      | 0 ||| qw: Game counter: 3430
     0 | D:1      | 0 ||| qw: Always use a shield: true
     0 | D:1      | 0 ||| qw: God list: Okawaru
     0 | D:1      | 0 ||| qw: Allow faded altars: false
     0 | D:1      | 0 ||| qw: Do Orc after D:15 true
     0 | D:1      | 0 ||| qw: Do second Lair branch before Depths: true
     0 | D:1      | 0 ||| qw: Lair rune preference: random
     0 | D:1      | 0 ||| qw: Plans: Normal
     0 | D:1      | 0 ||| PLANNING D:1-11
   105 | D:1      | Reached skill level 6 in Ranged Weapons
   105 | D:1      | Reached XP level 2. HP: 15/16 MP: 4/4
   479 | D:1      | Found Cofe's Distillery.
   482 | D:1      | 482 ||| SHOPLISTING 2 potions of resistance (240 gold, have
                  | 19).
   482 | D:1      | 482 ||| SHOPLISTING potion of enlightenment (60 gold, have
                  | 19).
   482 | D:1      | 482 ||| SHOPLISTING potion of heal wounds (60 gold, have
                  | 19).
   482 | D:1      | 482 ||| SHOPLISTING potion of mutation (96 gold, have 19).
   663 | D:1      | 663 ||| FLEEEEING.
   671 | D:1      | 671 ||| FLEEEEING.
   859 | D:1      | 859 ||| DROPPING scarf of harm.
   860 | D:1      | 860 ||| UPGRADING to ring of poison resistance.
   861 | D:1      | 861 ||| READING scroll labelled KUMOWILITO.
   866 | D:1      | 866 ||| READING 2 scrolls labelled QEL QUGUATI.
   867 | D:1      | 867 ||| READING scroll labelled OCWUQO EPTEC.
   868 | D:1      | 868 ||| READING scroll labelled CEVEP GAUF.
   869 | D:1      | 869 ||| DROPPING scroll of butterflies.
   870 | D:1      | 870 ||| DROPPING scroll of fog.
   942 | D:2      | Reached XP level 3. HP: 9/20 MP: 5/5
  1061 | D:2      | Found an ancient bone altar of Kikubaaqudgha.
  1147 | D:2      | Reached skill level 7 in Ranged Weapons
  1163 | D:2      | HP: 5/20 [adder (4)]
  1324 | D:2      | Reached XP level 4. HP: 25/25 MP: 6/6
  1469 | D:2      | 1469 ||| UPGRADING to +0 cloak.
  1474 | D:2      | 1474 ||| UPGRADING to +6 ring of dexterity.
  1475 | D:2      | 1475 ||| READING scroll labelled NOWKORCH JAXO.
  1515 | D:3      | Identified the +2 leather armour "Mofelogg" {Int+5}
  1577 | D:3      | 1577 ||| SWAPPING to +0 orcbow.
  1578 | D:3      | 1578 ||| DROPPING +0 shortbow.
  1620 | D:3      | Found a radiant altar of Vehumet.
  1709 | D:3      | Reached skill level 3 in Dodging
  2026 | D:3      | 2026 ||| UPGRADING to +2 leather armour "Mofelogg" {Int+5}.
  2036 | D:3      | 2036 ||| DROPPING +0 leather armour.
  2037 | D:3      | 2037 ||| UPGRADING to +0 ring mail.
  2047 | D:3      | 2047 ||| DROPPING +2 leather armour "Mofelogg" {Int+5}.
  2048 | D:3      | 2048 ||| READING scroll labelled IWOYMO SIKYTZ.
  2049 | D:3      | 2049 ||| READING scroll labelled MAVVUODDOS.
  2050 | D:3      | 2050 ||| READING scroll labelled BYM FAOXZUPICS.
  2078 | D:4      | Reached skill level 8 in Ranged Weapons
  2158 | D:4      | Found a shimmering blue altar of Sif Muna.
  2159 | D:4      | Noticed a black bear
  2165 | D:4      | Killed a black bear
  2166 | D:4      | Reached skill level 9 in Ranged Weapons
  2166 | D:4      | Reached XP level 5. HP: 13/29 MP: 7/7
  2271 | D:4      | Noticed a centaur
  2276 | D:4      | 2276 ||| Stepping ~*~*~tactically~*~*~ (outnumbered).
  2292 | D:4      | Killed a centaur
  2292 | D:4      | Noticed an orc warrior
  2293 | D:4      | Reached XP level 6. HP: 25/36 MP: 8/8
  2295 | D:4      | HP: 4/36 [orc warrior/+0 dire flail (8)]
  2296 | D:4      | 2296 ||| READING 2 scrolls of teleportation.
  2299 | D:4      | Mangled by an orc warrior

Levels and vault maps discovered:
D:1:      minmay_arrival_diagonal_passages, layout_basic, serial_shops,
          nicolae_shop_behind_doors, kennysheep_decorative_pillar
D:2:      layout_basic, basic_altar
D:3:      layout_basic, vehumet_crystals
D:4:      layout_basic, mainiacjoe_overflow_paths, biasface_ghost_orc_armoury,
          guppyfry_early_orc_mine, uniq_sigmund

Skill      XL: |  1  2  3  4  5 |
---------------+----------------+-----
Ranged Weapons | 6 7 9 |  9.0
Dodging        | 3 |  3.0
Fighting       | 2 |  2.6
Stealth        | |  1.2

Action                     |  1- 3 |  4- 6 || total
---------------------------+-------+-------++-------
   Fire: Shortbow          |   130 |    20 ||   150
         Orcbow            |       |    49 ||    49
    Use: Scroll            |     4 |     5 ||     9
 Armour: Leather armour    |    25 |     1 ||    26
         Ring mail         |       |     6 ||     6
  Dodge: Dodged            |    48 |    21 ||    69

Table legend:
 A = Non-vault XP
 B = Vault XP
 C = Vault XP percentage of total XP
 D = Non-vault monster count
 E = Vault monster count
 F = Vault count percentage of total count
                 A         B        C        D         E       F
            +---------+---------+-------+---------+---------+-------
      Total |     447 |       9 |   2.0 |      58 |       3 |   4.9
            +---------+---------+-------+---------+---------+-------
        D:1 |      33 |       0 |   0.0 |      20 |       0 |   0.0
        D:2 |      69 |       0 |   0.0 |      21 |       0 |   0.0
        D:3 |      30 |       0 |   0.0 |      10 |       0 |   0.0
        D:4 |     315 |       9 |   2.8 |       7 |       3 |  30.0
            +---------+---------+-------+---------+---------+-------
